 Dungeon Crawl Stone Soup version 0.29.1-12-g30fa7ad0bf (webtiles) character file.

Game seed: 8602507734368766878

76 WINT3RMUT3 the Gusty (level 4, -1/24 HPs)
             Began as a Tengu Air Elementalist on Dec 15, 2022.
             Slain by a gnoll
             ... wielding a +0 club
              (4 damage)
             ... on level 2 of the Dungeon.
             The game lasted 00:05:01 (1528 turns).

WINT3RMUT3 the Gusty (Tengu Air Elementalist)       Turns: 1528, Time: 00:05:02

Health: -1/24      AC:  2    Str:  8    XL:     4   Next: 32%
Magic:  2/8        EV: 13    Int: 18    God:
Gold:   76         SH:  0    Dex: 14    Spells: 1/7 levels left

rFire   . . .      SeeInvis .   d - +0 hand axe
rCold   . . .      Faith    .   (no shield)
rNeg    . . .      Spirit   .   a - +0 robe
rPois   .          Reflect  .   (helmet restricted)
rElec   .          Harm     .   (no cloak)
rCorr   .          Rampage  .   (no gloves)
Will    .....                   (boots unavailable)
Stlth   ++........              (no amulet)
HPRegen 0.08/turn               (no ring)
MPRegen 0.11/turn               (no ring)

@: no status effects
A: beak, talons 3
a: no special abilities


You were on level 2 of the Dungeon.
You visited 1 branch of the dungeon, and saw 2 of its levels.

You collected 76 gold pieces.

Inventory:

Hand Weapons
 d - a +0 hand axe (weapon)
Armour
 a - a +0 robe (worn)
Scrolls
 c - a scroll of fog {unknown}
 f - 4 scrolls of identify {unknown}
 g - a scroll of vulnerability {unknown}
 i - a scroll of noise {unknown}
 j - 3 scrolls of blinking {unknown}
 k - a scroll of teleportation {unknown}
 l - a scroll of magic mapping {unknown}
 m - a scroll of silence {unknown}
Potions
 b - a potion of magic
 e - a potion of curing
 h - 2 potions of degeneration {unknown}


   Skills:
 - Level 3.0 Dodging
 - Level 2.0 Stealth
 + Level 2.1 Spellcasting
 - Level 2.0 Conjurations
 + Level 5.9 Air Magic


You had one spell level left.
You knew the following spells:

 Your Spells              Type           Power      Damage    Failure   Level
a - Shock                 Conj/Air       64%        1d7       3%          1
s - Swiftness             Air            23%        N/A       4%          3
z - Static Discharge      Conj/Air       16%        3-5/arc   5%          2

Your spell library contained the following spells:

 Spells                   Type           Power      Damage    Failure   Level
 Airstrike                Air            11%        2d(2-18)  16%         4
 Blink                    Tloc           2%         N/A       26%         2
 Lesser Beckoning         Tloc           1%         N/A       47%         3
 Manifold Assault         Tloc           1%         N/A       99%         5


Dungeon Overview and Level Annotations

Branches:
Dungeon (2/15)

Altars:


Innate Abilities, Weirdness & Mutations

You have a beak for a mouth.
You have claws for feet.


Message History

Press: ? - help, Q - select action, (/) - cycle Shift-Dir - straight line You can't see that place. [some shallow water.]
Okay, then.
The gnoll throws a stone.
The stone completely misses you.
Casting: Shock (safe; 3% risk of failure)
Confirm with . or Enter, or press ? or * to list all spells.
The gnoll is struck by an arc of lightning.
The gnoll is severely wounded.
The gnoll hits you with a +0 club. The gnoll barely misses you.
Casting: Static Discharge (safe; 5% risk of failure)
Confirm with . or Enter, or press ? or * to list all spells.
The gnoll is struck by an arc of lightning.
You kill the gnoll!
You are struck by an arc of lightning.
The gnoll closely misses you.
Casting: Static Discharge (safe; 5% risk of failure)
Confirm with . or Enter, or press ? or * to list all spells.
The air crackles with electrical energy.
The gnoll hits you with a +0 club.
You hit the gnoll. You peck the gnoll.
The gnoll is heavily wounded.
The gnoll hits you with a +0 club.
You barely miss the gnoll.
The gnoll is heavily wounded.
The gnoll closely misses you. The gnoll hits you with a +0 club!
* * * LOW HITPOINT WARNING * * *
It was a potion of curing.
You feel better. The gnoll hits you with a +0 club.
You closely miss the gnoll. Your kick misses the gnoll. You peck the gnoll.
The gnoll is severely wounded.
The gnoll hits you with a +0 club.
* * * LOW HITPOINT WARNING * * *
You barely miss the gnoll. You claw the gnoll.
The gnoll is severely wounded.
The gnoll barely misses you.
You barely miss the gnoll. You peck the gnoll, but do no damage.
The gnoll is severely wounded.
The gnoll hits you with a +0 club.
* * * LOW HITPOINT WARNING * * *
The gnoll hits you with a +0 club.
You die...

#~~~..~..~..~..~~#
#~~...~.⌠~..~..~~#
#~~..~..~⌠.~...~~#
#~~..~..~..~..~~~#
##~...~~..~..~~~#
##.......~..~.#
#........~~..# ###
##..)g........######..
#....@................
#######..###########.# ##
#.## #.#
##...#######÷############.#
..............##..†.......#
##...#######..##.#######..#
..> .........##.# #..# #
########.##.# #..# #....#
#..#


You could see a gnoll (resistant).

Vanquished Creatures
  Natasha (D:2)
  2 gnolls (D:2)
  3 ball pythons (D:1)
  5 bats
  2 endoplasms
  2 goblins
  5 hobgoblins
  2 jackals (D:1)
  A kobold (D:1)
  2 quokkas
  3 frilled lizards (D:1)
  2 rats (D:1)
30 creatures vanquished.

Vanquished Creatures (others)
  29 plants (D:1)
29 creatures vanquished.

Grand Total: 59 creatures vanquished

Notes
Turn   | Place    | Note
-------+----------+-------------------------------------------
     0 | D:1      | WINT3RMUT3 the Tengu Air Elementalist began the quest for
                  | the Orb.
     0 | D:1      | Reached XP level 1. HP: 10/10 MP: 4/4
   164 | D:1      | Reached XP level 2. HP: 9/15 MP: 6/6
   167 | D:1      | Learned a level 2 spell: Static Discharge
   946 | D:2      | Reached XP level 3. HP: 19/19 MP: 4/7
   952 | D:2      | Reached skill level 5 in Air Magic
   956 | D:2      | Learned a level 3 spell: Swiftness
  1229 | D:2      | Noticed Natasha
  1235 | D:2      | Killed Natasha
  1236 | D:2      | Reached XP level 4. HP: 7/24 MP: 3/8
  1524 | D:2      | HP: 1/24 [gnoll/+0 club (8)]
  1528 | D:2      | Slain by a gnoll

Illustrated notes

Levels and vault maps discovered:
D:1:      roderic_crop_circles_arrival_small, layout_loops_cross
D:2:      cheibrodos_helix_gallery, layout_loops_ring, serial_shops, shop,
          uniq_natasha

Skill      XL: |  1  2  3 |
---------------+----------+-----
Conjurations   | 2 |  2.0
Dodging        | 3 |  3.0
Air Magic      | 5 |  5.9
Stealth        | |  2.0
Spellcasting   | |  2.1

Action                   |  1- 3 |  4- 6 || total
-------------------------+-------+-------++-------
Melee: Hand axe          |    60 |     7 ||    67
       Peck              |    13 |     3 ||    16
       Kick              |    14 |     1 ||    15
       Unarmed           |     1 |       ||     1
       Punch             |     1 |       ||     1
 Cast: Shock             |    14 |     6 ||    20
       Static Discharge  |     2 |     4 ||     6
  Use: Potion            |       |     1 ||     1
 Stab: Sleeping          |     1 |       ||     1
Armor: Robe              |    10 |     1 ||    11
Dodge: Dodged            |    45 |    10 ||    55
